AoeStats
← Tavik

Black Forest

504452306Analyzed
4v4 RM · 27d ago on Sep 5, 2026· 41m 17s· 8 players
Game mode
Random Map
Map size
Large (8 player)
Population
200
Speed
Normal
Resources
Standard
Victory
Conquest
Starting age
Dark Age
Ending age
Imperial Age
RankedLock teamsTeams togetherTeam positionsShared explorationLock speedFull tech treeHidden civsTurbo modeCheats
Victory
Defeat
🇭🇰 Bulgarians · Hong Kong SAR China
1345
+14
🇨🇿 Inca · Czechia
1333
+15
🇯🇵 Vietnamese · Japan
1255
+18
1253
+18
🇳🇴 Vikings · Norway
1345
-18
🇧🇷 Magyars · Brazil
1301
-16
🇻🇪 Malay · Venezuela
1300
-16
🇪🇨 Slavs · Ecuador
1276
-15
Bigsnake98
1:45 Loom
13:26 Feudal Age
17:47 Castle Age
16:58 Horse Collar
17:05 Double-Bit Axe
17:19 Stone Mining
17:19 Gold Mining
19:33 Bow Saw
19:29 Heavy Plow
24:54 Wheelbarrow
30:28 Imperial Age
28:42 Detinets
29:32 Caravan
29:34 Man-at-Arms
29:34 Pikeman
30:15 Squires
30:33 Halberdier
30:34 Long Swordsman
31:43 Scale Mail Armor
33:03 Chain Mail Armor
32:58 Forging
33:25 Forging
35:32 Two-Man Saw
34:39 Fletching
35:29 Crop Rotation
34:58 Two-Handed Swordsman
36:47 Druzhina
37:12 Conscription
37:35 Champion
40:00 Iron Casting
41:03 Plate Mail Armor
KRYPTAERNN
0:28 Loom
10:58 Feudal Age
18:28 Castle Age
16:58 Horse Collar
17:10 Double-Bit Axe
20:37 Bow Saw
31:13 Imperial Age
29:03 Scale Mail Armor
29:06 Squires
29:44 Caravan
30:42 Forging
31:49 Chain Mail Armor
32:22 Conscription
34:58 Plate Mail Armor
35:18 Pikeman
naYummuYan
0:45 Loom
11:52 Feudal Age
17:30 Castle Age
16:16 Double-Bit Axe
17:14 Horse Collar
18:41 Bow Saw
22:13 Masonry
35:36 Imperial Age
33:56 Coinage
33:56 Scale Barding Armor
33:53 Stone Mining
33:54 Gold Mining
34:07 Caravan
35:51 Gold Shaft Mining
35:54 Chain Barding Armor
35:46 Town Watch
36:37 Wheelbarrow
35:49 Treadmill Crane
36:57 Banking
37:56 Two-Man Saw
36:57 Heavy Plow
37:38 Conscription
37:57 Elite Skirmisher
40:45 Padded Archer Armor
40:36 Fletching
RagnarLothbrok
12:25 Feudal Age
13:03 Feudal Age
16:12 Castle Age
14:23 Double-Bit Axe
16:06 Bow Saw
15:55 Horse Collar
17:00 Heavy Plow
19:39 Loom
22:30 Wheelbarrow
23:50 Loom
24:10 Gold Mining
28:43 Imperial Age
27:30 Fletching
27:40 Padded Archer Armor
28:04 Caravan
28:50 Crop Rotation
28:35 Scale Barding Armor
29:29 Forging
29:15 Bodkin Arrow
30:29 Chemistry
30:19 Elite Battle Elephant
31:09 Husbandry
32:40 Bracer
33:15 Iron Casting
35:48 Conscription
36:31 Blast Furnace
35:01 Capped Ram
37:25 Hand Cart
36:44 Elite Karambit Warrior
Tavik
1:46 Loom
11:24 Feudal Age
15:58 Castle Age
14:14 Horse Collar
14:24 Double-Bit Axe
24:57 Wheelbarrow
31:58 Imperial Age
29:43 Hand Cart
29:23 Gold Mining
29:46 Heavy Plow
29:56 Bow Saw
30:19 Squires
29:40 Pikeman
30:06 Arson
30:25 Scale Mail Armor
30:35 Forging
30:56 Town Watch
31:37 Chain Mail Armor
31:58 Iron Casting
32:29 Town Patrol
33:26 Gold Shaft Mining
32:41 Stone Mining
32:24 Capped Ram
33:13 Siege Engineers
33:57 Plate Mail Armor
33:28 Onager
35:32 Blast Furnace
35:06 Conscription
35:22 Hoardings
35:22 Andean Sling
35:01 Capped Ram
36:00 Halberdier
37:28 Fletching
37:39 Padded Archer Armor
37:22 Siege Ram
38:21 Bodkin Arrow
38:41 Leather Archer Armor
39:49 Elite Kamayuk
40:31 Fabric Shields
40:01 Sappers
41:21 Ballistics
42:02 Chemistry
40:47 Arrowslits
40:53 Guard Tower
40:58 Murder Holes
41:14 Masonry
繁星的阿拉伯半岛之旅
6:16 Loom
10:35 Feudal Age
15:09 Castle Age
13:52 Double-Bit Axe
14:53 Horse Collar
15:06 Stone Mining
16:10 Bow Saw
22:18 Wheelbarrow
21:55 Fletching
22:48 Town Watch
24:37 Bodkin Arrow
25:23 Gold Mining
28:27 Ballistics
32:28 Imperial Age
31:22 Padded Archer Armor
33:19 Leather Archer Armor
33:31 Elite Blackwood Archer
34:13 Bracer
34:44 Ring Archer Armor
34:36 Curare
35:38 Chemistry
35:58 Hoardings
37:06 Conscription
37:06 Forging
36:57 Scale Mail Armor
37:15 Caciques
36:40 Sappers
38:52 Two-Man Saw
37:52 Heavy Plow
38:28 Gold Shaft Mining
39:21 Hand Cart
39:07 Town Patrol
39:40 Coinage
39:10 Caravan
40:17 Sanctity
40:23 Illumination
馬王
1:11 Loom
13:16 Feudal Age
14:29 Double-Bit Axe
17:45 Castle Age
15:57 Horse Collar
16:18 Stone Mining
17:13 Gold Mining
18:02 Wheelbarrow
18:58 Bow Saw
20:31 Heavy Plow
22:24 Gold Shaft Mining
31:54 Imperial Age
29:56 Scale Barding Armor
30:04 Husbandry
30:30 Caravan
30:45 Bloodlines
30:57 Chain Barding Armor
32:03 Stirrups
32:21 Forging
31:37 Light Cavalry
32:06 Elite Konnik
33:07 Conscription
33:45 Plate Barding Armor
33:11 Scale Mail Armor
35:04 Hand Cart
35:35 Iron Casting
35:16 Chain Mail Armor
36:29 Chemistry
35:37 Siege Engineers
36:51 Ballistics
37:48 Blast Furnace
36:15 Hussar
makeinu
10:27 Feudal Age
12:53 Wheelbarrow
14:22 Castle Age
13:04 Double-Bit Axe
13:17 Horse Collar
16:39 Wheelbarrow
16:43 Bow Saw
23:06 Gold Mining
28:19 Imperial Age
25:38 Loom
26:11 Hand Cart
25:42 Town Watch
25:51 Stone Mining
26:18 Heavy Plow
27:15 Stone Shaft Mining
27:36 Caravan
28:41 Bloodlines
28:32 Husbandry
29:03 Scale Barding Armor
29:10 Forging
30:15 Two-Man Saw
29:47 Crop Rotation
29:35 Elite Battle Elephant
30:46 Chain Barding Armor
31:48 Chemistry
33:24 Plate Barding Armor
34:39 Iron Casting
Connection lost

Rejoining the realm…

Still unreachable

The connection could not be restored.

Session expired

The server has moved on; the page needs a fresh start.